3:2 win

Match 28263105
End
Selects Italian Combined Arms Battlegroup
Selects Bersaglieri Squad
Selects Bersaglieri Squad
Bersaglieri Squad
250 Light Carrier
Panzergrenadier Squad
Construct Light Support Kompanie
2.5-tonne Medical Truck
Selects Bersaglieri Bolster
Bersaglieri Squad
Fire Support Elements
le.IG 18 Mechanized Group
Flakvierling Half-track
Selects Breda Model 30 Light Machine Guns
Construct Mechanized Kompanie
254 Reconnaissance Tractor
Support Armor Elements
StuG III D Assault Gun
StuG III D Assault Gun
Selects Semovente da 75/18 Assault Gun
Construct Panzerarmee Kommand
Walking Stuka Rocket Launcher
Selects Strafing Run
Selects Artillery Cover
Artillery Cover
Armored Reserves
Panzer IV Assault Group
Artillery Cover
Panzergrenadier Squad
Tiger Heavy Tank
Panzer IV Assault Group
Panzerpioneer Squad
Bersaglieri Squad
mkaye
geitje1
용yong용
obvious_gamer
FireEgg
Jenasaie
0
0

Comments sign in to comment!

No comments posted yet!